 Dungeon Crawl Stone Soup version 0.29.1-4-g47bece8355 (webtiles) character file.

Game seed: 8165404504939148930

235 safid the Shooter (level 5, 0/48 HPs)
             Began as a Minotaur Hunter on Dec 5, 2022.
             Slain by a gnoll
             ... wielding a +0 spear
              (7 damage)
             ... on level 3 of the Dungeon.
             The game lasted 00:02:19 (1892 turns).

safid the Shooter (Minotaur Hunter)                 Turns: 1892, Time: 00:02:20

Health: 0/48       AC:  3    Str: 16    XL:     5   Next: 76%
Magic:  4/4        EV: 12    Int:  6    God:
Gold:   204        SH:  0    Dex: 15    Spells: 4/4 levels left

rFire   . . .      SeeInvis .   a - +0 shortbow
rCold   . . .      Faith    .   (shield currently unavailable)
rNeg    . . .      Spirit   .   c - +0 leather armour
rPois   .          Reflect  .   (helmet restricted)
rElec   .          Harm     .   (no cloak)
rCorr   .          Rampage  .   (no gloves)
Will    .....                   (no boots)
Stlth   +.........              (no amulet)
HPRegen 0.16/turn               (no ring)
MPRegen 0.09/turn               (no ring)

@: no status effects
A: horns 2, retaliatory headbutt
a: no special abilities


You were on level 3 of the Dungeon.
You visited 1 branch of the dungeon, and saw 3 of its levels.

You collected 204 gold pieces.

Inventory:

Hand Weapons
 a - a +0 shortbow (weapon)
Armour
 c - a +0 leather armour (worn)
Scrolls
 b - a scroll of immolation
 d - 2 scrolls of teleportation {unknown}
 f - a scroll of acquirement {unknown}
 h - 3 scrolls of vulnerability {unknown}
 j - a scroll of amnesia {unknown}
 l - 2 scrolls of blinking {unknown}
 m - a scroll of enchant armour {unknown}
 o - a scroll of silence {unknown}
Potions
 e - a potion of resistance {unknown}
 g - a potion of flight {unknown}
 i - a potion of attraction {unknown}
 k - 3 potions of degeneration {unknown}
 n - a potion of curing {unknown}
 p - a potion of ambrosia {unknown}


   Skills:
 + Level 5.4 Fighting
 + Level 6.3 Ranged Weapons
 - Level 2.1 Dodging
 - Level 0.7 Stealth


You had 4 spell levels left.
You didn't know any spells.
Your spell library contained the following spells:

 Spells                   Type           Power      Damage    Failure   Level
 Ozocubu's Armour         Ice            0%         N/A       88%         3
 Ozocubu's Refrigeration  Ice            0%         4d7       100%        7


Dungeon Overview and Level Annotations

Branches:
Dungeon (3/15)

Altars:

Shops:
D:2 [


Innate Abilities, Weirdness & Mutations

You have a pair of horns on your head.
You reflexively headbutt those who attack you in melee.


Message History

You shoot an arrow. The arrow hits the gnoll.
The gnoll is severely wounded.
The gnoll hits you with a +0 whip!
You shoot an arrow. The arrow closely misses the gnoll.
The arrow barely misses the gnoll.
The arrow hits the ball python!
You kill the ball python!
The gnoll hits you with a +0 club.
You shoot an arrow. The arrow hits the gnoll.
The gnoll is heavily wounded.
The gnoll hits you with a +0 club!
You are too injured to fight recklessly!
You are too injured to fight recklessly!
You are too injured to fight recklessly!
Unknown command.
You are too injured to fight recklessly!
You are too injured to fight recklessly!
Fire: a) +0 shortbow
Press: ? - help, Q - select action Shift-Dir - straight line, f/p - gnoll
Aim: a gnoll, wielding a +0 club (heavily wounded, 68% to hit)
You shoot an arrow. The arrow hits the gnoll!
You kill the gnoll!
Unknown command.
Fire: a) +0 shortbow
Press: ? - help, Q - select action Shift-Dir - straight line, f - gnoll
Aim: a gnoll, wielding a +0 whip (severely wounded, 68% to hit)
You shoot an arrow. The arrow closely misses the gnoll.
The arrow barely misses the gnoll.
The gnoll hits you with a +0 whip. The gnoll closely misses you.
The gnoll misses you. The gnoll hits you with a +0 whip.
* * * LOW HITPOINT WARNING * * *
Fire: a) +0 shortbow
Press: ? - help, Q - select action Shift-Dir - straight line, f/p - gnoll
Aim: a gnoll, wielding a +0 whip (severely wounded, 68% to hit)
You shoot an arrow. The arrow barely misses the gnoll.
The arrow hits the gnoll.
The gnoll is lightly wounded.
The gnoll hits you with a +0 whip.
* * * LOW HITPOINT WARNING * * *
The gnoll hits you from afar with a +0 spear!
You die...

##############
#####...##........
#.....#.##.#######
#.###.............
#.# ######.######.
#.# #.# #.# #.#
#@# #.# #g# #.#
#g# #.# #†. #.#
#.. #... #...
#....


You could see 2 gnolls.

Vanquished Creatures
  An ogre (D:2)
  Terence (D:2)
  4 adders (D:2)
  2 gnolls (D:3)
  3 dart slugs
  5 bats (D:1)
  9 endoplasms
  A giant cockroach (D:1)
  5 hobgoblins
  4 kobolds
  7 quokkas
  7 ball pythons
  5 frilled lizards
  4 goblins
  4 rats
62 creatures vanquished.

Vanquished Creatures (others)
  2 plants (D:3)
2 creatures vanquished.

Grand Total: 64 creatures vanquished

Notes
Turn   | Place    | Note
-------+----------+-------------------------------------------
     0 | D:1      | safid the Minotaur Hunter began the quest for the Orb.
     0 | D:1      | Reached XP level 1. HP: 18/18 MP: 0/0
   158 | D:1      | Reached XP level 2. HP: 25/25 MP: 1/1
   412 | D:1      | Found a faded altar of an unknown god.
   477 | D:1      | Reached XP level 3. HP: 31/31 MP: 2/2
   480 | D:1      | Reached skill level 5 in Ranged Weapons
   890 | D:2      | Reached XP level 4. HP: 29/40 MP: 3/3
  1106 | D:2      | Noticed Terence
  1117 | D:2      | Killed Terence
  1258 | D:2      | Noticed an ogre
  1272 | D:2      | Killed an ogre
  1273 | D:2      | Reached skill level 5 in Fighting
  1273 | D:2      | Reached skill level 6 in Ranged Weapons
  1273 | D:2      | Reached XP level 5. HP: 18/48 MP: 4/4
  1706 | D:2      | Found Eseatar's Antique Armour Boutique.
  1892 | D:3      | Slain by a gnoll

Illustrated notes

Levels and vault maps discovered:
D:1:      psy_arrival_statuary, layout_rooms, chequers_ecumenical_altar_simple
D:2:      minmay_razor_zed, layout_basic, serial_shops,
          nicolae_shop_behind_doors, uniq_terence
D:3:      layout_loops_ring, mainiacjoe_overflow_boulevard, serial_shops,
          nicolae_shop_stone, shop, uniq_robin, uniq_natasha

Skill      XL: |  1  2  3  4 |
---------------+-------------+-----
Fighting       | 3 4 5 |  5.4
Ranged Weapons | 5 6 |  6.3
Dodging        | |  2.1
Stealth        | |  0.7

Action                   |  1- 3 |  4- 6 || total
-------------------------+-------+-------++-------
 Fire: Shortbow          |    97 |    79 ||   176
Armor: Leather armour    |    10 |     4 ||    14
Dodge: Dodged            |    19 |    22 ||    41
